 Dungeon Crawl Stone Soup version 0.18-a0-801-gb01a236 (webtiles) character file.

153360 ventricule the Shatterer (level 17, -8/179 HPs)
             Began as an Ogre Artificer on Dec 14, 2015.
             Was the Champion of Nemelex Xobeh.
             Shot with an arrow by a deep elf archer (32 damage)
             ... on level 2 of the Elven Halls.
             The game lasted 01:54:15 (43084 turns).

ventricule the Shatterer (Ogre Artificer)          Turns: 43084, Time: 01:54:16

Health: -8/179     AC: 16    Str: 20    XL:     17   Next: 60%
Magic:  26/26      EV: 13    Int: 14    God:    Nemelex Xobeh [******]
Gold:   761        SH:  0    Dex: 18    Spells: 2 memorised, 20 levels left

rFire  + + .     SeeInvis +     M - +6 giant spiked club (crush)
rCold  . . .     Clarity  .     I - +0 fire dragon armour
rNeg   + . .     SustAt   .     (shield currently unavailable)
rPois  +         Gourm    .     Q - +1 hat {SInv}
rElec  .         Spirit   .     m - +0 cloak {rC+}
rCorr  .         Dismiss  .     (gloves unavailable)
rMut   .         Stasis   .     (boots unavailable)
MR     ++...                    u - amulet of Pahoj {Harm *Drain rPois rN+ Int+3 Dex+3}
Stlth  ..........               n - ring of Xamagove {rPois Slay+3 SInv}
                                p - ring of protection from magic

@: very resistant to hostile enchantments, extremely unstealthy
A: unfitting armour, thin metallic scales 1, robust 1, tough skin 1
a: Triple Draw, Deal Four, Stack Five, Renounce Religion


You were on level 2 of the Elven Halls.
You worshipped Nemelex Xobeh.
Nemelex Xobeh was exalted by your worship.
You were very hungry.

You visited 5 branches of the dungeon, and saw 28 of its levels.
You also visited: Labyrinth and Ice Cave.

You collected 2467 gold pieces.
You spent 1620 gold pieces at shops.


Innate Abilities, Weirdness & Mutations

You are too large for most types of armour.
You have tough skin (AC +1).
You are partially covered in thin metallic scales (AC +2).
You are robust (+10% HP).


   Skills:
 + Level 9.2 Fighting
   Level 0.5 Short Blades
 - Level 24.0 Maces & Flails
 + Level 9.4 Armour
 + Level 9.2 Dodging
 - Level 0.7 Stealth
 - Level 4.0 Spellcasting
 - Level 4.0 Charms
 - Level 4.0 Ice Magic
 - Level 12.8 Evocations


You had 20 spell levels left.
You knew the following spells:

 Your Spells              Type           Power        Failure   Level  Hunger
a - Ozocubu's Armour      Chrm/Ice       ##......     34%         3    ###....
R - Summon Butterflies    Summ           #.......     58%         1    None

Inventory:

Hand Weapons
 G - the +3 morningstar of Wrath {drain, rF+ Str+6} A truly terrible weapon, it drains the life of those it strikes. It affects your strength (+6). It protects you from fire.
 M - a +6 giant spiked club of crushing (weapon)
Armour
 m - a +0 cloak of cold resistance (worn)
 I - a +0 fire dragon armour (worn)
 Q - a +1 hat of see invisible (worn)
Jewellery
 n - the ring of Xamagove (right hand) {rPois Slay+3 SInv}

   [ring of poison resistance]

   It affects your accuracy and damage with ranged weapons and melee attacks
   (+3).
   It protects you from poison.
   It lets you see invisible.
 p - a ring of protection from magic (left hand)
 t - the amulet of Vegoalead {Harm *Drain *Corrode rPois rC+++ Int-4, !a}

   [amulet of harm]

   It increases damage dealt and taken.
   It affects your intelligence (-4).
   It renders you almost immune to cold.
   It protects you from poison.
   It may corrode your equipment when you take damage.
 u - the amulet of Pahoj (around neck) {Harm *Drain rPois rN+ Int+3 Dex+3}

   [amulet of harm]

   It increases damage dealt and taken.
   It affects your intelligence (+3).
   It affects your dexterity (+3).
   It protects you from poison.
   It protects you from negative energy.
 S - an uncursed ring of positive energy
Wands
 d - a wand of teleportation (3) {!d@v4}
 w - a wand of fire (11)
 y - a wand of draining (13)
 O - a wand of fire (2)
 Y - a wand of teleportation (2) {!d@v4}
Scrolls
 a - 3 scrolls of fog
 g - 12 scrolls of remove curse
 j - 6 scrolls of teleportation {@r4}
 A - a scroll of enchant weapon
 C - 2 scrolls of fear
 H - a scroll of amnesia
 J - 6 scrolls of immolation {!r}
 P - 9 scrolls of identify {@r1}
 X - a scroll of recharging
Potions
 b - a potion of heal wounds {@q2}
 h - 2 potions of cure mutation
 i - 4 potions of agility
 o - 3 potions of flight
 x - 2 potions of cancellation
 z - 3 potions of resistance
 B - 4 potions of invisibility
 D - 8 potions of curing {@q1}
 E - 4 potions of haste {@q3}
 F - 7 potions of might
 R - 2 potions of berserk rage {!q}
Books
 l - a book of Frost

   Spells                             Type                      Level
   a - Freeze                         Ice                          1
   b - Throw Frost                    Conjuration/Ice              2
   c - Ozocubu's Armour               Charms/Ice                   3
   d - Throw Icicle                   Conjuration/Ice              4
   e - Summon Ice Beast               Ice/Summoning                4
   f - Condensation Shield            Ice                          4
 v - a book of Burglary

   Spells                             Type                      Level
   a - Swiftness                      Charms/Air                   2
   b - Passwall                       Transmutation/Earth          3
   c - Passage of Golubria            Translocation                4
   d - Lee's Rapid Deconstruction     Earth                        5
   e - Darkness                       Hexes                        6
   f - Invisibility                   Hexes                        6
Miscellaneous
 e - a plain deck of escape {drawn: 7}
 q - a plain deck of escape
 r - a legendary deck of war {the Dance, left: 3}
 s - a plain deck of escape {drawn: 2}
 K - a legendary deck of escape {Swap, left: 2}
 L - a legendary deck of war
 V - a plain deck of escape {drawn: 6}
 W - a lamp of fire
 Z - an ornate deck of war {drawn: 4}
Comestibles
 f - 14 bread rations
 k - 4 meat rations

Dungeon Overview and Level Annotations

Branches:
Dungeon (15/15)            Temple (1/1) D:7            Lair (8/8) D:11
  Swamp (0/4) Lair:5       Spider (0/4) Lair:6        Slime (0/6) Lair:8
    Orc (2/2) D:11            Elf (2/3) Orc:2        Vaults (0/5) D:13
 Depths (0/5) D:15

Altars:
Ashenzari
Cheibriados
Dithmenos
Elyvilon
Fedhas
Gozag
Kikubaaqudgha
Makhleb
Nemelex Xobeh
Okawaru
Pakellas
Qazlal
Ru
Sif Muna
Trog
Vehumet
Xom
Yredelemnul
Zin
The Shining One

Shops:
D:3 }   D:5 (   D:7 :%!=   D:8 (=   D:10 !!   Orc:2 ![?:

Portals:
Trove: D:11 (give 13 scrolls of teleportation)

Annotations:
D:2 exclusion: downstairs, Sigmund
D:3 Rayvis's ghost, amateur OpAs
D:5 exclusion: statue
D:8 Maurice
Lair:5 exclusion: 2 oklob plants
Lair:7 exclusion: oklob plant

▒.▒ ▒.▒▒▒▒▒▒▒▒▒▒▒
............
▒▒▒▒▒▒.▒.).....o
▒.....#)...o....
▒▒▒▒▒▒[▒#▒▒▒▒▒▒▒
▒▒(▒▒▒e▒▒
▒▒▒▒7▒▒▒▒▒.▒▒▒▒▒..
▒OO(e.........eO..
▒.e▒▒▒▒▒▒▒▒▒e▒▒...
▒!......▒▒▒▒▒(▒###
▒.......(.<)())...
▒▒▒▒▒▒.......#▒...
...▒▒▒▒▒▒▒▒▒... ▒
.. .£ .


You could see 2 deep elf archers, an ogre and a friendly executioner's axe of
Dischord {chop, rC+ rN+ MR+}.


Message History

You feel much better.
The orc zaps a wand.
The puff of flame hits your executioner's axe of Dischord {chop, rC+ rN+ MR+}.
Your executioner's axe of Dischord {chop, rC+ rN+ MR+} appears unharmed.
It is a wand of flame.
The deep elf archer shoots a poisoned arrow.
The poisoned arrow hits you!
* * * LOW HITPOINT WARNING * * *
The ogre hits you with a giant club!
* * * LOW HITPOINT WARNING * * *
Drink which item? (? for menu, Esc to quit)
You feel much better.
Your executioner's axe of Dischord {chop, rC+ rN+ MR+} hits the orc!!
The orc dies!
The deep elf archer blinks!
The walls disappear prematurely!
You see here a poisoned arrow.
You closely miss the ogre. The ogre hits you with a giant club!
* * * LOW HITPOINT WARNING * * *
Your executioner's axe of Dischord {chop, rC+ rN+ MR+} hits the deep elf archer!
Your executioner's axe of Dischord {chop, rC+ rN+ MR+} hits the deep elf archer!!
Your fire dragon armour prevents you from hitting the deep elf archer.
The deep elf archer is heavily wounded.
Something hits your executioner's axe of Dischord {chop, rC+ rN+ MR+} but does no damage.
You hit the deep elf archer.
The deep elf archer is heavily wounded.
The ogre hits you with a giant club.
* * * LOW HITPOINT WARNING * * *
The deep elf archer shoots an arrow.
The arrow hits you!!
You die...
Your body glows with a rainbow of weird colours and disappears.

Action                   |  1- 3 |  4- 6 |  7- 9 | 10-12 | 13-15 | 16-18 || total
-------------------------+-------+-------+-------+-------+-------+-------++-------
Melee: Short sword       |    84 |       |       |       |       |       ||    84
       Club              |    74 |    34 |       |       |       |       ||   108
       Mace              |       |   132 |    33 |       |       |       ||   165
       Morningstar       |       |       |   219 |   595 |  1421 |       ||  2235
       Giant spiked club |       |       |       |    15 |   277 |   654 ||   946
 Cast: Ozocubu's Armour  |       |       |       |       |     2 |       ||     2
Invok: Stack Five        |       |       |       |       |     4 |       ||     4
       Deal Four         |       |       |       |       |     1 |     1 ||     2
Evoke: Wand              |    12 |    11 |    11 |    33 |     5 |       ||    72
       Deck              |       |       |       |     3 |    92 |    48 ||   143
       Lamp of fire      |       |       |       |       |       |     1 ||     1
  Use: Scroll            |     4 |    13 |     6 |     7 |    13 |     6 ||    49
       Potion            |       |       |       |     3 |     3 |     6 ||    12
 Stab: Distracted        |     1 |       |     1 |     3 |     2 |     1 ||     8
       Sleeping          |       |     1 |     3 |     7 |     2 |       ||    13
  Eat: Chunk             |     5 |    10 |     7 |     9 |    41 |    14 ||    86
       Meat ration       |       |       |     1 |     3 |     2 |     3 ||     9
       Pizza             |       |       |       |     2 |       |       ||     2
       Royal jelly       |       |       |       |       |     1 |       ||     1

Vault maps used:
D:1:      lightli_arrival_flooded_house, minmay_crystal_room,
          lemuel_old_faithful
D:2:      kennysheep_the_goblin_king, lemuel_crystal_altar,
          overflow_temple_1_default, first_bread, uniq_sigmund
D:3:      lemuel_coloured_pillars_altar, johnstein_pakellas_shop
D:4:      kennysheep_spiral_hall, uniq_grinder
D:5:      elyvilon_altar_5, kennysheep_mini_moat, vehumet_statue, serial_shops,
          nicolae_shop_overgrown_old_shop
D:7:      minmay_temple_entry_junction, serial_shops, shop,
          nicolae_shop_waterfront, shop, nicolae_shop_crystal,
          makhleb_altar_promises_db
D:8:      grunt_dithmenos_smoke, serial_shops, nicolae_shop_waterfront, shop,
          uniq_maurice, uniq_prince_ribbit1
D:9:      kennysheep_little_box, fedhas_altar_decomposition, uniq_gastronok
D:10:     serial_shops, shop_fountains, nicolae_shop_stone, uniq_snorg,
          uniq_fannar
D:11:     dpeg_oklobed_lair, orc_0_dummy, nicolae_trove_entry_diagonal,
          portal_ice_cave_entry_pillars_02
D:12:     grunt_livestock, kennysheep_generic_room_9, uniq_frances,
          uniq_nergalle, uniq_josephine
D:13:     grunt_vaults_entry_tiered, eino_tiny_chamber, uniq_kirke, uniq_urug
D:14:     minmay_connected_boxes_in_corner, minmay_misc_feat_diagonals
D:15:     hangedman_depths_entry_try_elsewhere_first
Temple:   triangle_lava_temple_11
Lair:1:   kennysheep_snail_temple, uniq_erica
Lair:2:   serial_bayou_shore_a, infiniplex_staircase_pool_2, grunt_megastairs_2,
          serial_bayou_shore_b
Lair:3:   grunt_forest_small_clearing_treed
Lair:4:   lab_entry_generic
Lair:5:   swamp_mist_pool, dpeg_oklob_1, grunt_megastairs_3
Lair:6:   spider_nest_entry_a, basic_altar, grunt_megastairs_4
Lair:7:   basic_altar
Lair:8:   hangedman_lair_in_review, guppyfry_lair_end_dragon,
          dpeg_slime_entry_corner
Orc:2:    st_orc_mages, uniq_nessos, uniq_azrael, uniq_maud
Elf:1:    eino_elf_arrival_sip, kilobyte_mutagenic_chamber, uniq_agnes
Elf:2:    serial_sigils_hangedman_scratch
Lab:      labyrinth_spiral, labyrinth_skeletal_remains, labyrinth_glass_1,
          nicolae_lab_t_cross, nicolae_lab_diamond, lab_hedge,
          nicolae_lab_garden
IceCv:    ice_cave_small_necro

Notes
Turn   | Place    | Note
--------------------------------------------------------------
     0 | D:1      | ventricule the Ogre Artificer began the quest for the Orb.
     0 | D:1      | Reached XP level 1. HP: 19/19 MP: 2/2
   143 | D:1      | Reached skill level 2 in Dodging
   660 | D:1      | Reached skill level 2 in Fighting
   733 | D:1      | Reached XP level 2. HP: 21/28 MP: 3/3
   740 | D:1      | Reached skill level 1 in Maces & Flails
  1090 | D:1      | Reached skill level 2 in Maces & Flails
  1708 | D:1      | Reached XP level 3. HP: 31/35 MP: 4/4
  2015 | D:2      | Reached skill level 3 in Maces & Flails
  2167 | D:2      | Noticed Sigmund
  2564 | D:2      | Reached skill level 4 in Maces & Flails
  2564 | D:2      | Reached XP level 4. HP: 42/42 MP: 5/5
  2845 | D:2      | Found a blossoming altar of Fedhas.
  2999 | D:2      | Found an iron altar of Okawaru.
  3328 | D:2      | Reached skill level 5 in Maces & Flails
  3583 | D:3      | Noticed Rayvis's ghost (amateur OpAs)
  3969 | D:3      | Reached XP level 5. HP: 25/49 MP: 6/6
  3977 | D:3      | Reached skill level 6 in Maces & Flails
  4685 | D:3      | Found an oddly glowing altar of Pakellas.
  4685 | D:3      | Found Pakellas's Prime Provisions.
  5101 | D:3      | Reached skill level 7 in Maces & Flails
  5101 | D:3      | Reached XP level 6. HP: 55/57 MP: 7/7
  5161 | D:3      | Found a glowing silver altar of Zin.
  5488 | D:4      | Noticed Grinder
  5492 | D:4      | Killed Grinder
  5492 | D:4      | Reached skill level 9 in Maces & Flails
  5492 | D:4      | Reached XP level 7. HP: 65/65 MP: 8/8
  5796 | D:5      | Entered Level 5 of the Dungeon
  5796 | D:5      | Found Gottikhe's Antique Weapon Emporium.
  5803 | D:5      | Identified 3 potions of resistance
  5898 | D:5      | Found a white marble altar of Elyvilon.
  6135 | D:5      | Reached skill level 10 in Maces & Flails
  6263 | D:5      | Found a radiant altar of Vehumet.
  6308 | D:5      | Found a deep blue altar of Sif Muna.
  6585 | D:6      | Noticed a hill giant
  6623 | D:6      | Killed a hill giant
  6623 | D:6      | Reached skill level 12 in Maces & Flails
  6623 | D:6      | Reached XP level 8. HP: 43/72 MP: 9/9
  7303 | D:5      | Bought a brightly glowing morningstar for 243 gold pieces
  7303 | D:5      | Identified the +3 morningstar of Wrath {drain, rF+ Str+6} (You bought it in a shop on level 5 of the Dungeon)
  7436 | D:6      | Killed Rayvis's ghost
  7616 | D:6      | Reached skill level 13 in Maces & Flails
  7716 | D:7      | Found a staircase to the Ecumenical Temple.
  7724 | Temple   | Entered the Ecumenical Temple
  7755 | Temple   | Became a worshipper of Nemelex Xobeh the Trickster
  7787 | D:7      | Found Eqymuc's Distillery.
  7845 | D:7      | Reached XP level 9. HP: 66/79 MP: 10/10
  7986 | D:7      | Reached skill level 14 in Maces & Flails
  8092 | D:7      | Found Sihy Egiusmy's Food Shop.
  8093 | D:7      | Received a gift from Nemelex Xobeh
  8217 | D:7      | Found Naqub's Book Shop.
  8222 | D:7      | Found Caudal's Jewellery Emporium.
  8312 | D:7      | Found a burning altar of Makhleb.
  8312 | D:7      | Noticed a balrug
  8315 | D:7      | Noticed a hellwing
  8315 | D:7      | Noticed a hellwing
  8722 | D:8      | Noticed Maurice
  8759 | D:8      | Reached * piety under Nemelex Xobeh
  8760 | D:8      | Found a shadowy altar of Dithmenos.
  8767 | D:8      | Reached skill level 3 in Fighting
  8829 | D:8      | Found Giro's Jewellery Emporium.
  8951 | D:8      | Noticed Prince Ribbit
  8971 | D:8      | Reached skill level 15 in Maces & Flails
  9036 | D:8      | Killed Prince Ribbit
  9036 | D:8      | Reached skill level 4 in Fighting
  9036 | D:8      | Reached skill level 3 in Dodging
  9339 | D:8      | Found Niuj's Weapon Shop.
  9345 | D:8      | Reached skill level 5 in Fighting
  9642 | D:8      | Reached XP level 10. HP: 88/96 MP: 11/11
  9677 | D:9      | Noticed Crishpax's ghost (novice DEWz)
  9684 | D:9      | Killed Crishpax's ghost
  9684 | D:9      | Reached skill level 4 in Dodging
  9795 | D:9      | Received a gift from Nemelex Xobeh
  9823 | D:9      | Found a blossoming altar of Fedhas.
  9927 | D:9      | Noticed Gastronok
  9946 | D:9      | Reached skill level 6 in Fighting
 10259 | D:9      | Reached ** piety under Nemelex Xobeh
 10299 | D:9      | Killed Gastronok
 10299 | D:9      | Reached skill level 7 in Fighting
 10299 | D:9      | Reached skill level 16 in Maces & Flails
 10299 | D:9      | Reached skill level 5 in Dodging
 10426 | D:9      | Found a glowing golden altar of the Shining One.
 10528 | D:10     | Entered Level 10 of the Dungeon
 10537 | D:10     | Received a gift from Nemelex Xobeh
 10653 | D:10     | Reached skill level 8 in Fighting
 10853 | D:10     | Found Nosurun's Distillery.
 10995 | D:10     | Received a gift from Nemelex Xobeh
 11034 | D:10     | Noticed a centaur warrior
 11034 | D:10     | Noticed an unseen horror
 11039 | D:10     | Killed a centaur warrior
 11039 | D:10     | Reached skill level 6 in Dodging
 11039 | D:10     | Reached skill level 3 in Evocations
 11039 | D:10     | Reached XP level 11. HP: 94/111 MP: 11/13
 11059 | D:10     | Killed an unseen horror
 11333 | D:10     | Noticed Snorg
 11350 | D:10     | Killed Snorg
 11498 | D:10     | Found Uwinagul's Distillery.
 11584 | D:10     | Noticed Fannar
 11608 | D:10     | Killed Fannar
 11608 | D:10     | Reached skill level 7 in Dodging
 11608 | D:10     | Reached skill level 4 in Evocations
 11943 | D:11     | Reached skill level 17 in Maces & Flails
 11991 | D:11     | Found a frozen archway.
 11991 | D:11     | Noticed a four-headed hydra
 11993 | D:11     | Noticed a hill giant
 11994 | D:11     | Reached *** piety under Nemelex Xobeh
 11996 | D:11     | Found a staircase to the Orcish Mines.
 12160 | IceCv    | Entered an ice cave
 12456 | IceCv    | Reached skill level 5 in Evocations
 12737 | IceCv    | HP: 9/111 [freezing wraith (11)]
 12737 | IceCv    | HP: 4/111 [freezing wraith (5)]
 13033 | IceCv    | Reached skill level 8 in Dodging
 13036 | IceCv    | HP: 9/111 [freezing wraith (4)]
 13354 | IceCv    | Reached XP level 12. HP: 97/119 MP: 16/16
 13433 | IceCv    | Received a gift from Nemelex Xobeh
 13456 | IceCv    | Found an ancient bone altar of Kikubaaqudgha.
 14359 | IceCv    | Reached skill level 6 in Evocations
 14586 | IceCv    | Identified the Collected Works on the Destructive Glacier
 14594 | IceCv    | Learned a level 3 spell: Ozocubu's Armour
 14979 | D:10     | You fall through a shaft for 2 floors!
 15227 | D:12     | Reached skill level 1 in Spellcasting
 15352 | D:12     | Reached skill level 1 in Ice Magic
 15378 | D:12     | Noticed Frances
 15481 | D:11     | Reached skill level 1 in Charms
 15541 | D:11     | Reached skill level 2 in Spellcasting
 15893 | D:11     | Found a staircase to the Lair.
 15912 | D:11     | Found a portal to a secret trove of treasure.
 15996 | D:11     | Killed a four-headed hydra
 16133 | D:11     | Reached skill level 2 in Charms
 16133 | D:11     | Reached skill level 2 in Ice Magic
 16167 | Orc:1    | Entered Level 1 of the Orcish Mines
 16167 | Orc:1    | Noticed an orc warlord
 16199 | D:11     | Reached skill level 3 in Spellcasting
 16473 | Lair:1   | Entered Level 1 of the Lair of Beasts
 16553 | Lair:1   | Reached skill level 18 in Maces & Flails
 16756 | Lair:1   | Noticed Erica
 16762 | Lair:1   | Killed Erica
 16767 | Lair:1   | Reached skill level 7 in Evocations
 16825 | Lair:1   | Found a snail-covered altar of Cheibriados.
 17101 | Lair:1   | Reached skill level 3 in Charms
 17101 | Lair:1   | Reached skill level 3 in Ice Magic
 17202 | Lair:1   | Reached XP level 13. HP: 105/127 MP: 18/18
 17690 | Lair:1   | Reached **** piety under Nemelex Xobeh
 18519 | Lair:2   | Received a gift from Nemelex Xobeh
 19006 | Lair:3   | Reached ***** piety under Nemelex Xobeh
 19023 | Lair:3   | Received a gift from Nemelex Xobeh
 19236 | Lair:3   | Identified a wand of teleportation
 19286 | Lair:3   | Received a gift from Nemelex Xobeh
 19483 | Lair:3   | Received a gift from Nemelex Xobeh
 19513 | Lair:3   | Reached skill level 4 in Charms
 19641 | Lair:3   | Reached skill level 4 in Ice Magic
 19658 | Lair:3   | Reached skill level 8 in Evocations
 20250 | Lair:4   | Received a gift from Nemelex Xobeh
 20313 | Lair:4   | Found a labyrinth entrance.
 20329 | Lab      | Entered a labyrinth
 20418 | Lab      | Noticed a minotaur
 20443 | Lab      | Killed a minotaur
 20452 | Lab      | Identified the Volume of Clay
 20454 | Lab      | Identified the Volume of the Sinister Entourage (You found it in a labyrinth)
 20457 | Lab      | Learned a level 1 spell: Summon Butterflies
 20644 | Lair:4   | Received a gift from Nemelex Xobeh
 20747 | Lair:4   | Reached skill level 4 in Spellcasting
 21191 | Lair:4   | Reached skill level 19 in Maces & Flails
 21924 | Lair:5   | Received a gift from Nemelex Xobeh
 22031 | Lair:5   | Reached skill level 9 in Evocations
 22316 | Lair:5   | Found a staircase to the Swamp.
 22589 | Lair:5   | Reached XP level 14. HP: 136/136 MP: 20/20
 23165 | Lair:5   | Received a gift from Nemelex Xobeh
 23821 | Lair:6   | Found a hole to the Spider Nest.
 23896 | Lair:4   | Identified a +0 fire dragon armour (You found it on level 6 of the Lair of Beasts)
 24164 | Lair:6   | Received a gift from Nemelex Xobeh
 24256 | Lair:6   | Reached skill level 1 in Armour
 24509 | Lair:6   | Found a basalt altar of Yredelemnul.
 24730 | Lair:6   | Received a gift from Nemelex Xobeh
 24913 | Lair:6   | Reached skill level 10 in Evocations
 24919 | Lair:6   | Reached skill level 20 in Maces & Flails
 25283 | Lair:7   | Reached skill level 2 in Armour
 26102 | Lair:7   | Reached skill level 3 in Armour
 26219 | Lair:7   | Found a deep blue altar of Sif Muna.
 26512 | Lair:7   | Received a gift from Nemelex Xobeh
 26781 | Lair:8   | Entered Level 8 of the Lair of Beasts
 27031 | Lair:8   | Reached skill level 4 in Armour
 27562 | Lair:8   | Received a gift from Nemelex Xobeh
 27802 | Lair:8   | Reached XP level 15. HP: 82/143 MP: 23/23
 28074 | Lair:8   | Reached skill level 5 in Armour
 28102 | Lair:8   | Reached skill level 11 in Evocations
 28229 | Lair:8   | Got a brightly glowing copper amulet
 28230 | Lair:8   | Identified the amulet of Vegoalead {Harm *Drain *Corrode rPois rC+++ Int-4} (You found it on level 8 of the Lair of Beasts)
 28472 | Lair:8   | Reached skill level 21 in Maces & Flails
 29217 | Lair:4   | Gained mutation: You are robust (+10% HP). [potion of mutation]
 29217 | Lair:4   | Gained mutation: You are partially covered in thin metallic scales (AC +2). [potion of mutation]
 29629 | Lair:8   | Received a gift from Nemelex Xobeh
 29943 | Lair:8   | Reached skill level 6 in Armour
 30282 | Lair:8   | Found a staircase to the Slime Pits.
 30931 | D:7      | Bought the ring of Xamagove {rPois Slay+3 SInv} for 700 gold pieces
 31057 | Orc:1    | Received a gift from Nemelex Xobeh
 31442 | Orc:2    | Entered Level 2 of the Orcish Mines
 31442 | Orc:2    | Found a staircase to the Elven Halls.
 31513 | Orc:2    | Noticed Nessos
 31567 | Orc:2    | Killed Nessos
 31768 | Orc:2    | Noticed Azrael
 31783 | Orc:2    | Killed Azrael
 32270 | Orc:2    | Noticed Maud
 32477 | Orc:1    | Killed Maud
 32756 | Orc:2    | Received a gift from Nemelex Xobeh
 32760 | Orc:2    | Reached skill level 7 in Armour
 33012 | Orc:2    | Found Vacsaux's Magic Scroll Boutique.
 33012 | Orc:2    | Found Acioc's Distillery.
 33012 | Orc:2    | Found Kiojysuf's Armour Shop.
 33022 | Orc:2    | Found Offeulail's Book Boutique.
 33387 | Orc:2    | Bought a scroll of enchant weapon for 97 gold pieces
 33714 | Orc:1    | Reached XP level 16. HP: 94/167 MP: 24/24
 34102 | Orc:1    | Reached skill level 12 in Evocations
 35027 | D:8      | Bought the amulet of Pahoj {Harm *Drain rPois rN+ Int+3 Dex+3} for 580 gold pieces
 35165 | D:12     | Killed Frances
 35364 | D:12     | Received a gift from Nemelex Xobeh
 35411 | D:12     | Noticed Nergalle
 35418 | D:12     | Killed Nergalle
 35437 | D:12     | Noticed Josephine
 35448 | D:12     | Killed Josephine
 35800 | D:12     | Reached skill level 22 in Maces & Flails
 36250 | D:13     | Noticed Kirke
 36259 | D:13     | Killed Kirke
 36343 | D:13     | Received a gift from Nemelex Xobeh
 36485 | D:13     | Reached skill level 8 in Armour
 36555 | D:13     | Found a gate to the Vaults.
 36625 | D:13     | Noticed Urug
 36632 | D:13     | Killed Urug
 37107 | D:14     | Reached ****** piety under Nemelex Xobeh
 37611 | D:14     | Received a gift from Nemelex Xobeh
 38079 | D:15     | Entered Level 15 of the Dungeon
 38132 | D:15     | Reached skill level 9 in Armour
 38287 | D:15     | Received a gift from Nemelex Xobeh
 38494 | D:15     | Found a staircase to the Depths.
 38974 | D:15     | Reached skill level 23 in Maces & Flails
 39230 | D:15     | Reached XP level 17. HP: 163/173 MP: 26/26
 40188 | Elf:1    | Entered Level 1 of the Elven Halls
 40188 | Elf:1    | Received a gift from Nemelex Xobeh
 40474 | Elf:1    | Noticed Agnes
 40483 | Elf:1    | Killed Agnes
 41453 | Elf:1    | Reached skill level 24 in Maces & Flails
 42722 | Elf:1    | Reached skill level 9 in Dodging
 43019 | Elf:2    | Reached skill level 9 in Fighting
 43078 | Elf:2    | HP: 14/179 [ogre/giant club[an orc high priest] (10)]
 43084 | Elf:2    | Shot with an arrow by a deep elf archer

Vanquished Creatures
  Gastronok (D:9)
  Frances (D:12)
  Kirke (D:13)
  Agnes (Elf:1)
  Maud (Orc:1)
  Nessos (Orc:2)
  Azrael (Orc:2)
  A dire elephant (D:15)
  A deep elf death mage (Elf:2)
  Snorg (D:10)
  2 vault guards (D:13)
  Josephine (D:12)
  2 minotaurs
  Fannar (D:10)
  7 hydras
  An ice dragon (Lair:8)
  Erica (Lair:1)
  A catoblepas (Lair:8)
  4 death yaks
  3 centaur warriors
  4 tengu warriors
  8 dancing weapons (Elf:1)
  5 orc high priests
  Urug (D:13)
  Nergalle (D:12)
  5 deep elf knights (Elf:1)
  4 unseen horrors
  4 wizards
  3 hill giants
  5 deep elf archers (Elf:1)
  3 orc knights
  A necromancer (IceCv)
  An oklob plant (Lair:8)
  5 cyclopes
  A wolf spider (D:15)
  28 deep elf magi
  3 griffons (Lair:8)
  2 manticores
  5 ugly things
  An orc sorcerer (Orc:2)
  A salamander (D:15)
  2 centaur zombies
  20 elephants
  An ice statue (IceCv)
  8 black mambas
  2 gargoyles
  6 torpor snails
  15 komodo dragons
  15 spiny frogs
  A yaktaur (D:14)
  4 fire drakes
  An efreet (D:15)
  11 freezing wraiths
  The ghost of Crishpax the Thaumaturge, a novice DEWz (D:9)
  3 polar bears
  7 trolls
  Grinder (D:4)
  A wolf spider simulacrum (IceCv)
  Prince Ribbit (D:8)
  5 slime creatures (D:13)
  3 two-headed ogres
  31 blink frogs
  2 boulder beetles
  A trapdoor spider (Lair:6)
  A redback (Lair:6)
  2 vampires
  36 yaks
  3 air elementals (Elf:1)
  3 hogs
  4 wyverns
  3 shadows
  20 humans
  2 hungry ghosts
  5 basilisks
  7 fire elementals
  14 hippogriffs
  A death yak simulacrum (IceCv)
  8 wraiths
  7 wargs
  A hell hound (Orc:2)
  2 vampire mosquitoes (D:15)
  A mottled dragon (Lair:8)
  14 wolves
  A hornet simulacrum (D:15)
  30 orc warriors
  13 porcupines
  21 water moccasins
  9 centaurs
  3 swamp drakes (Lair:8)
  2 black bears
  13 killer bees
  An eye of draining (D:12)
  11 ice beasts
  3 phantoms
  An alligator simulacrum (IceCv)
  14 ogres
  7 sky beasts
  26 crocodiles
  5 boggarts (D:14)
  The ghost of Rayvis the Sneak, an amateur OpAs (D:6)
  26 giant frogs
  2 wyvern zombies
  2 earth elementals (Elf:1)
  A big kobold (shapeshifter) (Elf:1)
  2 wyvern skeletons
  3 scorpions
  A water moccasin skeleton (D:8)
  An electric eel (Lair:2)
  8 crimson imps
  5 draconian simulacra (IceCv)
  A giant frog zombie (D:10)
  A quasit (D:8)
  27 orc wizards
  A lava snake (D:13)
  21 orc priests
  18 iguanas
  9 jellies
  6 centaur skeletons
  A giant frog skeleton (D:12)
  8 hounds
  A spriggan simulacrum (IceCv)
  7 hell rats
  6 worker ants
  3 centaur simulacra (IceCv)
  3 troll simulacra (IceCv)
  A killer bee zombie (D:7)
  A wolf simulacrum (IceCv)
  38 sheep
  A hound skeleton (D:4)
  2 ogre simulacra (IceCv)
  85 river rats
  11 adders
  3 naga simulacra (IceCv)
  2 shadow imps
  12 white imps (IceCv)
  3 oozes
  2 adder skeletons
  3 worms
  5 giant geckos
  74 orcs
  A ball python (D:5)
  5 bats
  6 giant cockroaches
  11 hobgoblins
  19 jackals
  3 quokkas
  9 giant newts
  8 goblins
  A jackal skeleton (D:4)
  7 kobolds
  3 quokka skeletons
  5 rats
  3 fungi
  2 plants
1051 creatures vanquished.

Vanquished Creatures (collateral kills)
  An orc warlord (Orc:1)
  2 very ugly things (D:14)
  An ettin (D:14)
  A deep elf death mage (Elf:1)
  A fire dragon (Lair:8)
  An alligator (Lair:8)
  A centaur warrior (D:14)
  4 death yaks (Lair:8)
  An orc high priest (Orc:1)
  An orc knight (Orc:1)
  3 deep elf magi
  2 elephants
  An orc sorcerer (Orc:1)
  A centaur skeleton (D:14)
  A komodo dragon (Lair:8)
  3 trolls (Orc:1)
  A redback (Lair:8)
  A hog (Lair:8)
  A yak (D:11)
  A wolf (Lair:2)
  2 basilisks (shapeshifter) (D:14)
  A hell hound (Orc:2)
  A warg (Orc:1)
  5 orc warriors
  2 ogres (Orc:1)
  A centaur (D:14)
  A giant frog (D:14)
  A big kobold (D:14)
  A scorpion (D:14)
  3 killer bees
  2 orc priests (Orc:1)
  2 orc wizards
  A worker ant (D:14)
  A troll simulacrum (IceCv)
  An ogre simulacrum (IceCv)
  An ooze (D:5)
  8 orcs
  A jackal (D:1)
64 creatures vanquished.

Vanquished Creatures (others)
  A deep elf mage (D:13)
  A water nymph (shapeshifter) (Elf:1)
  A centaur skeleton (D:13)
  A yak (D:11)
  4 humans (D:13)
  2 orc warriors
  2 killer bees (D:7)
  3 orc wizards
  A worker ant (D:13)
  A naga simulacrum (IceCv)
  5 orcs
  2 goblins
  A hobgoblin (D:1)
  39 fungi
  31 plants
95 creatures vanquished.

Grand Total: 1210 creatures vanquished
